 Seeded DCSS version 0.27.1-33-g824d729ab1 (webtiles) character file.

Game seed: 7670440603315191966 (custom seed)

177 wilfster70 the Digger (level 5, -1/28 HPs)
             Began as a Gargoyle Earth Elementalist on Dec 21, 2021.
             Slain by a river rat (8 damage)
             ... on level 3 of the Dungeon.
             The game lasted 00:08:08 (3112 turns).

wilfster70 the Digger (Gargoyle Earth Elementalist) Turns: 3112, Time: 00:08:08

Health: -1/28      AC:  7    Str: 12    XL:     5   Next: 57%
Magic:  4/8        EV: 11    Int: 16    God:
Gold:   91         SH:  0    Dex: 10    Spells: 4/8 levels left

rFire    . . .     SeeInvis .   a - staff of earth
rCold    . . .     Faith    .   (no shield)
rNeg     + . .     Spirit   .   i - +0 robe
rPois    ∞         Reflect  .   (no helmet)
rElec    +         Harm     .   (no cloak)
rCorr    .         Rampage  .   (no gloves)
Will     .....                  g - +0 pair of boots
Stlth    ++........             (no amulet)
HPRegen  0.09/turn              h - ring of flight
MPRegen  0.11/turn              (no ring)

@: flying, hasted, very quick
A: sickness immunity, AC +4, negative energy resistance 1, electricity
resistance, torment resistance 1, petrification resistance
a: no special abilities


You were on level 3 of the Dungeon.
You visited 1 branch of the dungeon, and saw 3 of its levels.

You collected 91 gold pieces.

Inventory:

Hand Weapons
 b - a +0 dagger
Armour
 g - a +0 pair of boots (worn)
 i - a +0 robe (worn)
Magical Staves
 a - a staff of earth (weapon)
Jewellery
 f - a ring of ice
 h - a ring of flight (left hand)
Scrolls
 e - a scroll of fog
 r - a scroll of identify


   Skills:
 - Level 1.5 Dodging
 - Level 2.1 Stealth
 - Level 2.0 Spellcasting
 + Level 3.5 Conjurations
 - Level 0.7 Transmutations
 - Level 6.0 Earth Magic


You had 4 spell levels left.
You knew the following spells:

 Your Spells              Type           Power      Damage    Failure   Level
a - Sandblast             Erth           62%        2d14      1%          1
b - Stone Arrow           Conj/Erth      50%        3d10      9%          3

Your spell library contained the following spells:

 Spells                   Type           Power      Damage    Failure   Level
 Passwall                 Tmut/Erth      15%        N/A       8%          2
 Petrify                  Tmut/Erth      18%        N/A       45%         4


Dungeon Overview and Level Annotations

Branches:
Dungeon (3/15)

Altars:

Annotations:
D:2 1 runed translucent door, Crazy Yiuf


Innate Abilities, Weirdness & Mutations

You are immune to sickness and miasma.
Your stone body is resilient. (AC +4)
You are immune to poison.
You resist negative energy. (rN+)
You are resistant to electric shocks. (rElec)
You are resistant to unholy torment.
You are immune to petrification.


Message History

The adder hisses angrily.
The adder skeleton bites you.
You hit the river rat.
You kill the river rat!
The adder skeleton bites you but does no damage.
The adder misses you.
You closely miss the adder. The adder barely misses you.
You hit the adder.
The adder is moderately wounded.
The adder bites you but does no damage. The river rat closely misses you.
The adder closely misses you. The river rat bites you.
You closely miss the adder.
The adder is moderately wounded.
The adder barely misses you. The river rat misses you.
You hit the adder.
You shatter the adder.
You kill the adder!
A river rat comes into view.
The river rat misses you. The river rat barely misses you.
The river rat closely misses you.
You barely miss the river rat. The river rat bites you.
The river rat bites you but does no damage.
An adder, a rat and a river rat come into view.
The river rat closely misses you.
A worm comes into view.
The river rat bites you.
* * * LOW HITPOINT WARNING * * *
You feel better. The river rat closely misses you.
You feel yourself speed up. The river rat bites you.
The worm closely misses you.
You hit the worm but do no damage.
The river rat bites you but does no damage.
You hit the worm.
The worm is lightly wounded.
The worm bites you.
* * * LOW HITPOINT WARNING * * *
You hit the worm.
You shatter the worm!
The worm is severely wounded.
The river rat bites you!
You die...

### ## #≈# ≈#
≈≈# ≈# #≈##S
#w#≈≈ #
#@#r##≈#
#r#≈r≈≈#
#r#≈####
#≈≈≈≈≈≈#
#########≈#
#≈≈≈≈≈≈≈≈Z#
#≈≈#≈#r#####
##.≈.≈≈≈≈≈..#
#......r....#


You could see a worm and 2 river rats.

Vanquished Creatures
  A centaur skeleton (D:3)
  A hound zombie (D:3)
  5 adders
  3 river rats (D:3)
  A worm (D:2)
  3 dart slugs (D:2)
  6 ball pythons
  3 endoplasms (D:2)
  2 giant cockroaches (D:1)
  3 goblins
  5 hobgoblins
  4 jackals (D:2)
  5 quokkas
  A ball python skeleton (D:3)
  4 bats
  A frilled lizard (D:1)
  2 kobolds (D:1)
  A rat (D:1)
  A spectral goblin (D:1)
52 creatures vanquished.

Vanquished Creatures (others)
  2 plants (D:1)
2 creatures vanquished.

Grand Total: 54 creatures vanquished

Notes
Turn   | Place    | Note
-------+----------+-------------------------------------------
     0 | D:1      | wilfster70 the Gargoyle Earth Elementalist began the quest
                  | for the Orb.
     0 | D:1      | Reached XP level 1. HP: 10/10 MP: 3/3
    94 | D:1      | Identified a scroll of acquirement
    94 | D:1      | Acquired a staff of earth
   148 | D:1      | Reached skill level 4 in Earth Magic
   262 | D:1      | Reached XP level 2. HP: 2/15 MP: 3/5
   878 | D:1      | Found a faded altar of an unknown god.
  1020 | D:1      | Reached skill level 5 in Earth Magic
  1020 | D:1      | Reached XP level 3. HP: 19/19 MP: 4/6
  1024 | D:1      | Learned a level 3 spell: Stone Arrow
  1949 | D:2      | Reached XP level 4. HP: 24/24 MP: 5/7
  2086 | D:2      | Reached skill level 6 in Earth Magic
  2236 | D:2      | Reached skill level 1 in Conjurations
  2483 | D:2      | Found a runed translucent door.
  2484 | D:2      | Noticed Crazy Yiuf
  2917 | D:3      | Reached XP level 5. HP: 25/28 MP: 2/8
  3112 | D:3      | Slain by a river rat

Illustrated notes

Levels and vault maps discovered:
D:1:      wheals_arrival_shading, layout_basic,
          dreamdust_ecumenical_altar_drowned_temple, kennysheep_boxes
D:2:      layout_loops_corners, nrook_mini_backslash, uniq_crazy_yiuf_cottage
D:3:      layout_basic, serial_undead, serial_undead_e, serial_undead_d,
          serial_undead_a, serial_undead_a, lightli_sewer_entry_pipes

Skill      XL: |  1  2  3  4  5 |
---------------+----------------+-----
Earth Magic    | 4 5 6 |  6.0
Conjurations   | 2 3 |  3.5
Dodging        | |  1.5
Stealth        | |  2.1
Spellcasting   | |  2.0
Transmutations | |  0.7

Action                   |  1- 3 |  4- 6 || total
-------------------------+-------+-------++-------
Melee: Staff             |    63 |    28 ||    91
       Unarmed           |     6 |       ||     6
       Dagger            |       |    12 ||    12
 Cast: Sandblast         |    37 |    18 ||    55
       Stone Arrow       |       |     3 ||     3
  Use: Scroll            |     5 |     2 ||     7
       Potion            |       |     2 ||     2
 Stab: Sleeping          |     1 |     1 ||     2
Armor: Robe              |    31 |    29 ||    60
Dodge: Dodged            |    56 |    42 ||    98
